 Dungeon Crawl Stone Soup version 0.30-a0-292-g0f741e3f8e (webtiles) character file.

Game seed: 16031133395119634431

8 Flugkiller the Cutter (level 2, 19/22 HPs)
             Began as a Demonspawn Gladiator on Oct 17, 2022.
             Quit the game on level 1 of the Dungeon.
             The game lasted 00:00:11 (139 turns).

Flugkiller the Cutter (Demonspawn Gladiator)         Turns: 139, Time: 00:00:11

Health: 19/22      AC:  4    Str: 14    XL:     2   Next: 0%
Magic:  2/2        EV: 12    Int:  9    God:
Gold:   0          SH:  0    Dex: 14    Spells: 1/1 levels left

rFire   . . .      SeeInvis .    a - +0 rapier
rCold   . . .      Faith    .    (no shield)
rNeg    . . .      Spirit   .    b - +0 leather armour
rPois   .          Reflect  .    c - +0 helmet
rElec   .          Harm     .    (no cloak)
rCorr   .          Rampage  .    (no gloves)
Will    .....                    (no boots)
Stlth   +.........               (no amulet)
HPRegen 0.23/turn                (no ring)
MPRegen 0.08/turn                (no ring)

@: no status effects
A: hooves 1
a: no special abilities


You were on level 1 of the Dungeon.
You visited 1 branch of the dungeon, and saw 1 of its levels.

Inventory:

Hand Weapons
 a - a +0 rapier (weapon)
Missiles
 d - 3 throwing nets (quivered)
 e - a javelin
Armour
 b - a +0 leather armour (worn)
 c - a +0 helmet (worn)
Scrolls
 g - a scroll of immolation {unknown}
Potions
 f - a potion of curing {unknown}


   Skills:
 - Level 2.0 Fighting
 + Level 3.2 Short Blades
 - Level 1.7 Throwing
 - Level 2.6 Dodging


You had one spell level left.
You didn't know any spells.
Your spell library was empty.

Dungeon Overview and Level Annotations

Branches:
Dungeon (1/15) Zot: 5858

Altars:


Innate Abilities, Weirdness & Mutations

You have large cloven feet.


Message History

You hit the jackal but do no damage.
The jackal is almost dead.
The jackal bites you.
You hit the jackal but do no damage.
The jackal is almost dead.
The jackal bites you. The jackal closely misses you.
You are too injured to fight recklessly!
You are too injured to fight recklessly!
You are too injured to fight recklessly!
You are too injured to fight recklessly!
You are too injured to fight recklessly!
You are too injured to fight recklessly!
You are too injured to fight recklessly!
You are too injured to fight recklessly!
You hit the jackal.
You kill the jackal!
You start resting.
HP restored.
Found a dagger.
Found a scale mail and a quarterstaff.
A bat comes into view.
A giant cockroach and a kobold come into view.
The kobold shouts!
The bat hits you but does no damage.
You hit the bat but do no damage. The bat completely misses you.
A goblin comes into view. It is wielding a +0 club.
You barely miss the bat. The bat misses you.
The kobold throws a stone.
The stone completely misses you. The bat hits you.
The kobold throws a stone.
The stone barely misses you.
The stone hits the bat but does no damage.
The goblin shouts!
You hit the bat.
The bat is severely wounded.
The bat closely misses you. The bat misses you.
The kobold throws a stone.
The stone hits you but does no damage.
You hit the giant cockroach but do no damage.
The bat closely misses you. The giant cockroach bites you.
The kobold throws a stone.
The stone barely misses you. The bat hits you but does no damage.
You barely miss the bat.
The bat is severely wounded.
The bat hits you but does no damage.
A bat comes into view.
The giant cockroach bites you but does no damage. x2
You hit the bat but do no damage.
The bat is severely wounded.
The bat hits you but does no damage. The bat closely misses you.
The giant cockroach closely misses you.
The kobold throws a stone.
The stone completely misses you.
You barely miss the giant cockroach.
The giant cockroach bites you but does no damage.
The bat misses you.
You barely miss the bat.
The bat is severely wounded.
The bat misses you. The bat hits you. The giant cockroach misses you.
There are monsters nearby!
You barely miss the giant cockroach. The bat hits you but does no damage.
The giant cockroach bites you but does no damage.
The bat hits you but does no damage. The goblin barely misses you.
You closely miss the bat. The bat hits you but does no damage.
The giant cockroach bites you but does no damage. x2
The goblin closely misses you. The bat attacks as you move away!
The bat hits you.
The giant cockroach attacks as you move away!
The giant cockroach closely misses you. The bat hits you but does no damage.
The bat closely misses you.
The giant cockroach attacks as you move away!
The giant cockroach barely misses you. The bat misses you.
The bat attacks as you move away! The bat hits you but does no damage.
The bat attacks as you move away! The bat closely misses you.
The bat barely misses you. The bat hits you but does no damage. x2
The bat hits you but does no damage. The bat attacks as you move away!
The bat hits you but does no damage. The bat hits you.
The bat closely misses you. The bat hits you but does no damage.
The kobold throws a stone.
The stone barely misses you. The bat closely misses you.
The bat barely misses you. x2
You see here a +0 dagger.
The bat closely misses you. The bat completely misses you.
You hit the bat.
You kill the bat!
The bat misses you. The bat barely misses you.
You closely miss the bat. The bat barely misses you.
You hit the giant cockroach but do no damage.
The giant cockroach bites you but does no damage.
You hit the giant cockroach.
The giant cockroach is moderately wounded.
The giant cockroach bites you.
The giant cockroach bites you but does no damage.
You hit the giant cockroach.
The giant cockroach is severely wounded.
The giant cockroach bites you.
You hit the giant cockroach.
You kill the giant cockroach!
The bat hits you but does no damage. The bat closely misses you.
You have reached level 2!
Your demonic ancestry asserts itself...
Your feet thicken and deform.
Are you sure you want to abandon this character and quit the game? (Confirm with "yes".)

####............#
##g.........#
#.#.......### ###
#.....###...##
...##.##...#.#..###..
#.#..##.#...†.......
#.gK...........)#...
#...##b#####.#.#...#
. #.. #@# #...#...#
.........# ##......#
##.#.#.#.# ##.#...# #
.. .. #.#...# ... #.#
#.#...# #... .. ##.
...# #.#. .## ...####
...# .. #......
.......


You could see a goblin, a bat and a kobold.

Vanquished Creatures
  A bat (D:1)
  A giant cockroach (D:1)
  A goblin (D:1)
  2 jackals (D:1)
  A quokka (D:1)
6 creatures vanquished.

Notes
Turn   | Place    | Note
-------+----------+-------------------------------------------
     0 | D:1      | Flugkiller the Demonspawn Gladiator began the quest for the
                  | Orb.
     0 | D:1      | Reached XP level 1. HP: 16/16 MP: 1/1
    69 | D:1      | Reached skill level 3 in Short Blades
   139 | D:1      | Gained mutation: You have large cloven feet. [demonic
                  | ancestry]
   139 | D:1      | Reached XP level 2. HP: 19/22 MP: 2/2
   139 | D:1      | Quit the game

Illustrated notes

Levels and vault maps discovered:
D:1:      lemuel_arrival_muddy, layout_rooms,
          shapermc_ecumenical_altar_rom_forum, minmay_misc_feat_iff

Skill      XL: |  1 |
---------------+----+-----
Short Blades   | 3 |  3.2
Fighting       | |  2.0
Throwing       | |  1.7
Dodging        | |  2.6

Action                   || total
-------------------------++-------
Melee: Rapier            ||    31
 Stab: Sleeping          ||     1
Armor: Leather armour    ||    26
Dodge: Dodged            ||    45

Table legend: (Time is in decaauts)
 A = Elapsed time spent in this place.
 B = Non-inter-level travel time spent in this place.
 C = Inter-level travel time spent in this place.
 D = Time resting spent in this place.
 E = Time spent auto-exploring this place.
 F = Levels seen in this place.
 G = Mean time per level.
                   A        B        C        D        E       F      G
               +--------+--------+--------+--------+--------+-----+--------+
         Total |    141 |    141 |      0 |     29 |     57 |   1 |  141.0 |
       Dungeon |    141 |    141 |      0 |     29 |     57 |   1 |  141.0 |
               +--------+--------+--------+--------+--------+-----+--------+

Top non-repeatable levels by time:
     D:1: 141 daAuts
